 Dungeon Crawl Stone Soup version 0.24-a0-613-g1ff6aac338 (webtiles) character file.

Game seed: 2081817631275470335, levelgen mode: deterministic

6585 Arang the Cleaver (level 11, -7/94 HPs)
             Began as a Hill Orc Fighter on Sept 11, 2019.
             Was a High Priest of Cheibriados.
             Mangled by an orc warrior
             ... wielding a +0 trident
              (9 damage)
             ... on level 8 of the Dungeon.
             The game lasted 00:22:33 (7375 turns).

Arang the Cleaver (Hill Orc Fighter)                Turns: 7375, Time: 00:22:34

Health: -7/94      AC: 15    Str: 41    XL:     11   Next: 1%
Magic:  14/14      EV:  7    Int: 22    God:    Cheibriados [*****.]
Gold:   442        SH: 13    Dex: 24    Spells: 10/10 levels left

rFire    . . .     SeeInvis .   a - +1 war axe (chop)
rCold    . . .     Gourm    .   c - +0 shield
rNeg     . . .     Faith    .   o - +0 plate armour
rPois    .         Spirit   .   (no helmet)
rElec    .         Reflect  .   D - +0 cloak {+Inv}
rCorr    .         Harm     .   (no gloves)
MR       .....                  (no boots)
Stlth    ..........             (no amulet)
HPRegen  0.25/turn              m - ring of stealth
MPRegen  0.14/turn              l - +4 ring of strength

@: very slow
A: no striking features
a: Bend Time, Temporal Distortion, Slouch, Step From Time, Renounce Religion,
Evoke Invisibility


You were on level 8 of the Dungeon.
You worshipped Cheibriados.
Cheibriados was extremely pleased with you.
You were not hungry.

You visited 1 branch of the dungeon, and saw 8 of its levels.

You collected 442 gold pieces.

Inventory:

Hand Weapons
 a - a +1 war axe of chopping (weapon)
 b - a +4 hunting sling
 z - a +1 spear of freezing
Missiles
 u - a throwing net
 y - 2 poisoned darts
 B - 3 silver javelins
 C - 185 stones
 E - 5 boomerangs (quivered)
Armour
 c - a +0 shield (worn)
 o - a +0 plate armour (worn)
 D - a +0 cloak of invisibility (worn)
Jewellery
 l - a +4 ring of strength (right hand)
 m - a ring of stealth (left hand)
 t - an uncursed amulet of regeneration
Wands
 s - a wand of digging (4)
 w - a wand of polymorph (5)
Scrolls
 g - 4 scrolls of fog
 j - 5 scrolls of identify
 n - 4 scrolls of remove curse
 x - a scroll of teleportation
Potions
 d - a potion of might
 e - 2 potions of agility
 h - 2 potions of magic
 i - 3 potions of lignification
 k - 3 potions of haste
 p - a potion of invisibility
 r - a potion of flight
 A - 2 potions of brilliance
Comestibles
 f - 19 rations
 q - 10 chunks of flesh


   Skills:
 + Level 7.8 Fighting
 + Level 12.1 Axes
 - Level 0.1(3.0) Slings
 * Level 5.0 Throwing
 * Level 9.5 Armour
 - Level 0.1 Dodging
 - Level 5.0 Shields
 * Level 4.2 Invocations
 - Level 5.0 Evocations


You had 10 spell levels left.
You didn't know any spells.
Your spell library contained the following spells:

 Spells                   Type           Power        Failure   Level  Hunger
 Magic Dart               Conj           #...         95%         1    ##.....
 Blink                    Tloc           N/A          99%         2    ###....
 Call Imp                 Summ           #.......     99%         2    ###....
 Slow                     Hex            #.......     99%         2    ###....
 Conjure Flame            Conj/Fire      #.......     100%        3    ####...
 Mephitic Cloud           Conj/Pois/Air  #.......     100%        3    ####...


Dungeon Overview and Level Annotations

Branches:
Dungeon (8/15)             Temple (0/1) D:6            Lair (0/6) D:8

Altars:
Cheibriados
Okawaru
Jiyva

Annotations:
D:8 3 runed translucent doors, crawlian's ghost, novice DEEE


Message History

Cheibriados appreciates the change of pace.
An orc warrior comes into view. It is wielding a +0 trident.
The orc warrior shouts!
The jelly quivers.
An orc comes into view. It is wielding a +0 short sword.
The slime creature quivers.
The jelly quivers. x3
The orc shouts!
The orc warrior hits you from afar with a +0 trident.
The orc warrior hits you from afar with a +0 trident!
* * * LOW HITPOINT WARNING * * *
Okay, then.
You fail to use your ability.
The orc warrior hits you but does no damage.
You fail to use your ability.
The orc warrior hits you from afar with a +0 trident!
* * * LOW HITPOINT WARNING * * *
You fail to use your ability.
The slime creature jiggles.
The orc warrior hits you from afar with a +0 trident!
You die...

#.......# ###########* #..#.#
#.......# *,,,,,,,,* ##.#.#
#.......# *,,..,...####...#
#.......#######....,..........###
#.......'..........,.............
#.......###.######**##......#.###
#.......# #.## #......#..#
#.......###..####### #......#..#
#............oo†@..# #......#..#
#####....##+++##...# #..>...#..##
#...##...JJ##..# #......#...#
#...#!..JJJJ#..# #(.....≈....
*.,,#.......#..# *,≈...≈#≈...
*,,,#.......#..#**≈#≈#≈#..≈#.
*,,,##..(..##..##≈#.#≈#...#≈.
*,,,,##?_$##....≈#,..#...#≈#.
*****,,,,,****#....≈#...#...#≈...


You could see 2 slime creatures, an orc warrior, 3 jellies and an orc.

Vanquished Creatures
  A two-headed ogre (D:8)
  Grinder (D:6)
  A hornet (D:8)
  Prince Ribbit (D:7)
  A hippogriff (D:7)
  Sigmund (D:3)
  6 yaks (D:8)
  Edmund (D:4)
  A soldier ant (D:8)
  3 porcupines (D:8)
  3 sky beasts
  An ice beast (D:6)
  2 orc warriors
  4 phantoms
  2 black bears (D:6)
  3 ogres
  A centaur (D:7)
  2 crocodiles (D:8)
  Blork the orc (D:6)
  A big kobold (D:8)
  3 bullfrogs (D:7)
  A scorpion (D:8)
  5 wights (D:7)
  A howler monkey (D:8)
  An electric eel (D:8)
  2 crimson imps
  2 bullfrog zombies (D:5)
  2 quasits
  3 hounds
  2 orc priests
  2 bullfrog skeletons (D:5)
  A gnoll shaman (D:3)
  6 orc wizards
  Crazy Yiuf (D:4)
  Terence (D:3)
  Jessica (D:3)
  5 iguanas
  7 worker ants
  A killer bee zombie (D:8)
  3 hound zombies
  18 gnolls
  10 adders
  2 shadow imps
  3 oozes
  4 adder skeletons
  2 adder zombies
  2 worms
  2 dart slugs (D:1)
  11 leopard geckos
  19 orcs
  6 giant cockroaches
  8 goblins
  4 hobgoblins
  4 jackals (D:6)
  5 quokkas
  8 bats
  8 frilled lizards
  11 kobolds
  A leopard gecko skeleton (D:7)
  A quokka zombie (D:5)
  6 rats
222 creatures vanquished.

Notes
Turn   | Place    | Note
-------+----------+-------------------------------------------
     0 | D:1      | Arang the Hill Orc Fighter began the quest for the Orb.
     0 | D:1      | Reached XP level 1. HP: 19/19 MP: 1/1
   102 | D:1      | Reached XP level 2. HP: 24/27 MP: 2/2
   204 | D:1      | Reached skill level 3 in Axes
   519 | D:1      | Reached XP level 3. HP: 32/33 MP: 3/3
   748 | D:1      | Found a snail-covered altar of Cheibriados.
   844 | D:1      | Became a worshipper of Cheibriados the Contemplative
  1086 | D:2      | Reached skill level 4 in Axes
  1337 | D:2      | Reached XP level 4. HP: 40/40 MP: 4/4
  1351 | D:2      | Reached skill level 1 in Invocations
  1628 | D:2      | Reached * piety under Cheibriados
  1990 | D:3      | Found an iron altar of Okawaru.
  2377 | D:3      | Reached XP level 5. HP: 46/46 MP: 6/6
  2580 | D:3      | Noticed Jessica
  2588 | D:3      | Killed Jessica
  2588 | D:3      | Reached ** piety under Cheibriados
  2614 | D:3      | Noticed Terence
  2625 | D:3      | Killed Terence
  2625 | D:3      | Reached skill level 5 in Axes
  2692 | D:3      | Reached XP level 6. HP: 53/53 MP: 7/7
  2976 | D:3      | Noticed Sigmund
  2984 | D:3      | Killed Sigmund
  2984 | D:3      | Reached skill level 1 in Throwing
  3547 | D:4      | Noticed Edmund
  3561 | D:4      | Killed Edmund
  3561 | D:4      | Reached skill level 6 in Axes
  3561 | D:4      | Reached XP level 7. HP: 56/60 MP: 9/9
  3946 | D:4      | Found a runed translucent door.
  3947 | D:4      | Noticed Crazy Yiuf
  4227 | D:4      | Killed Crazy Yiuf
  4227 | D:4      | Reached skill level 5 in Armour
  4273 | D:5      | Entered Level 5 of the Dungeon
  4400 | D:5      | Reached skill level 1 in Evocations
  4597 | D:5      | Reached skill level 5 in Fighting
  4597 | D:5      | Reached skill level 5 in Shields
  4597 | D:5      | Reached XP level 8. HP: 49/68 MP: 10/10
  4649 | D:5      | Reached *** piety under Cheibriados
  4726 | D:5      | Noticed a vampire
  4827 | D:5      | Reached skill level 7 in Axes
  4981 | D:6      | Noticed Blork the orc
  4989 | D:6      | Killed Blork the orc
  5076 | D:6      | Reached skill level 8 in Axes
  5261 | D:6      | Reached **** piety under Cheibriados
  5278 | D:6      | Reached XP level 9. HP: 69/75 MP: 11/11
  5718 | D:6      | Found a staircase to the Ecumenical Temple.
  5838 | D:6      | Reached skill level 9 in Axes
  5915 | D:6      | Noticed Grinder
  5924 | D:6      | Killed Grinder
  6063 | D:7      | Noticed Prince Ribbit
  6071 | D:7      | Killed Prince Ribbit
  6118 | D:7      | Reached ***** piety under Cheibriados
  6223 | D:7      | Reached skill level 10 in Axes
  6372 | D:7      | Reached XP level 10. HP: 66/84 MP: 13/13
  6572 | D:8      | Reached skill level 11 in Axes
  6581 | D:8      | Found a staircase to the Lair.
  6620 | D:8      | Reached skill level 5 in Evocations
  6911 | D:8      | Paralysed by a hornet for 2 turns
  7211 | D:8      | Noticed a two-headed ogre
  7217 | D:8      | Killed a two-headed ogre
  7226 | D:8      | Reached skill level 12 in Axes
  7226 | D:8      | Reached skill level 5 in Throwing
  7305 | D:8      | Found a runed translucent gate.
  7305 | D:8      | Found a runed translucent gate.
  7305 | D:8      | Found a runed translucent gate.
  7307 | D:8      | Noticed crawlian's ghost (novice DEEE)
  7309 | D:8      | Found a viscous altar of Jiyva.
  7349 | D:8      | Reached XP level 11. HP: 31/94 MP: 14/14
  7374 | D:8      | HP: 2/94 [orc warrior/+0 trident (16)]
  7375 | D:8      | Mangled by an orc warrior

Levels and vault maps discovered:
D:1:      dpeg_arrival_tiny_i, layout_basic, cheibriados_altar_1
D:2:      cheibrodos_helix_gallery, layout_rooms, minmay_misc_feat_tiny
D:3:      layout_basic, lemuel_round_altar, first_ration, serial_rivers,
          chequers_serial_rivers_large_a, chequers_serial_rivers_micro_b,
          chequers_serial_rivers_room_a, chequers_serial_rivers_room_b,
          uniq_jessica, uniq_sigmund, uniq_terence
D:4:      layout_rooms, small_statue_intersection, uniq_crazy_yiuf_cottage,
          uniq_edmund
D:5:      minmay_thinvault, layout_rooms, gup_sewer_entry_bowl,
          kennysheep_big_empty_room, kennysheep_generic_room_13
D:6:      layout_basic, minmay_temple_entry_grid, hex_medium,
          uniq_blork_the_orc, uniq_grinder
D:7:      layout_basic, enter_bailey_2, uniq_prince_ribbit1
D:8:      layout_basic, minmay_lair_entry_grove, gammafunk_ghost_ooze,
          hangedman_pestilent_swarm, nicolae_water_bricks

Skill      XL: |  1  2  3  4  5  6  7  8  9 10 |
---------------+-------------------------------+-----
Axes           | 3 4 5 6 8 10 12 | 12.1
Fighting       | 4 5 6 7 |  7.8
Invocations    | 1 2 3 4 |  4.2
Shields        | 4 5 |  5.0
Armour         | 4 5 6 8 9 |  9.5
Throwing       | 1 2 3 5 |  5.0
Evocations     | 1 2 4 5 |  5.0
Slings         | |  0.1
Dodging        | |  0.1

Action                   |  1- 3 |  4- 6 |  7- 9 | 10-12 || total
-------------------------+-------+-------+-------+-------++-------
Melee: War axe           |    93 |   164 |   249 |   192 ||   698
 Fire: Hunting sling     |       |     4 |    84 |       ||    88
Throw: Dart              |       |    30 |    23 |       ||    53
       Javelin           |       |     4 |    12 |       ||    16
Evoke: Wand              |       |     2 |       |       ||     2
  Use: Scroll            |       |     8 |    15 |     2 ||    25
       Potion            |       |       |     1 |       ||     1
  Eat: Chunk             |     1 |     4 |     5 |     2 ||    12
Armor: Scale mail        |    36 |       |       |       ||    36
       Plate armour      |     4 |   112 |   184 |    67 ||   367
Dodge: Dodged            |    29 |    23 |    51 |    26 ||   129
Block: Shield            |    47 |   106 |   176 |   110 ||   439

Table legend:
 A = Non-vault XP
 B = Vault XP
 C = Vault XP percentage of total XP
 D = Non-vault monster count
 E = Vault monster count
 F = Vault count percentage of total count
                 A         B        C        D         E       F
            +---------+---------+-------+---------+---------+-------
      Total |    5578 |    3830 |  40.7 |     185 |      37 |  16.7
            +---------+---------+-------+---------+---------+-------
        D:1 |      43 |       0 |   0.0 |      23 |       0 |   0.0
        D:2 |      77 |       4 |   4.9 |      23 |       2 |   8.0
        D:3 |     182 |     287 |  61.2 |      19 |       3 |  13.6
        D:4 |     147 |     210 |  58.8 |       6 |       2 |  25.0
        D:5 |     445 |     202 |  31.2 |      18 |      10 |  35.7
        D:6 |    1330 |     381 |  22.3 |      44 |       2 |   4.3
        D:7 |    1274 |     268 |  17.4 |      21 |       1 |   4.5
        D:8 |    2080 |    2478 |  54.4 |      31 |      17 |  35.4
            +---------+---------+-------+---------+---------+-------
